 Dungeon Crawl Stone Soup version 0.21-a0-504-g2eda33064f (webtiles) character file.

1058 Kaname the Conjurer (level 8, 39/52 HPs)
             Began as a Demonspawn Wizard on Nov 26, 2017.
             Quit the game on level 6 of the Dungeon.
             The game lasted 00:26:56 (6781 turns).

Kaname the Conjurer (Demonspawn Wizard)             Turns: 6781, Time: 00:26:57

Health: 39/52      AC:  5    Str:  8    XL:     8   Next: 6%
Magic:  0/14       EV: 11    Int: 30    God:
Gold:   251        SH:  0    Dex: 12    Spells: 3/15 levels left

rFire    . . .     SeeInvis +   z - +1 trident (freeze)
rCold    . . .     Gourm    .   (no shield)
rNeg     . . .     Faith    .   x - +0 leather armour of the Crypt {rPois SInv} (curse)
rPois    +         Spirit   .   (helmet unavailable)
rElec    .         Reflect  .   (no cloak)
rCorr    .         Harm     .   (no gloves)
MR       .....                  (no boots)
Stlth    ++........             (no amulet)
HPRegen  0.17/turn              e - +5 ring of intelligence
MPRegen  0.14/turn              q - +4 ring of intelligence

@: very slightly contaminated
A: horns 3, thin metallic scales 1, powered by pain 1
a: no special abilities


You were on level 6 of the Dungeon.
You were not hungry.

You visited 1 branch of the dungeon, and saw 6 of its levels.

You collected 412 gold pieces.
You spent 161 gold pieces at shops.

Inventory:

Hand Weapons
 p - a +0 blowgun
 y - a +0 morningstar of flaming
 z - a +1 trident of freezing (weapon)
 D - the +9 sword of Zonguldrok {reap}
   (You found it on level 5 of the Dungeon)

   If a monster killed with it leaves a corpse in good enough shape, the corpse
   will be animated as a zombie friendly to the killer.
Missiles
 h - a throwing net (quivered)
 w - 4 curare-tipped needles
Armour
 b - a +0 hat
 o - +0 fire dragon scales
 x - the cursed +0 leather armour of the Crypt (worn) {rPois SInv}
   (You bought it in a shop on level 4 of the Dungeon)

   It protects you from poison.
   It lets you see invisible.
   It has a curse placed upon it.
Jewellery
 e - a +5 ring of intelligence (left hand)
 q - a +4 ring of intelligence (right hand)
Scrolls
 c - a scroll of remove curse
 g - 4 scrolls of amnesia
 i - 2 scrolls of teleportation
 j - 4 scrolls of magic mapping
 m - 2 scrolls of enchant weapon
 t - a scroll of enchant armour
 v - 3 scrolls of fog
 A - 2 scrolls of blinking
Potions
 a - 2 potions of brilliance
 n - a potion of cancellation
 u - 2 potions of flight
 B - 2 potions of curing {unknown}
Books
 l - a book of Changes

   Spells                             Type                      Level
   a - Beastly Appendage              Transmutation                1
   b - Sticks to Snakes               Transmutation                2
   c - Spider Form                    Transmutation/Poison         3
   d - Ice Form                       Ice/Transmutation            4
   e - Blade Hands                    Transmutation                5
 s - a book of Air

   Spells                             Type                      Level
   a - Shock                          Conjuration/Air              1
   b - Swiftness                      Charms/Air                   2
   c - Static Discharge               Conjuration/Air              3
   d - Airstrike                      Air                          4
   e - Lightning Bolt                 Conjuration/Air              5
 E - a book of Battle

   Spells                             Type                      Level
   a - Infusion                       Charms                       1
   b - Shroud of Golubria             Charms/Translocation         2
   c - Song of Slaying                Charms                       2
   d - Spectral Weapon                Hexes/Charms                 3
   e - Regeneration                   Charms/Necromancy            3
Comestibles
 d - 2 bread rations
 f - a fruit
 k - 3 royal jellies
 r - 3 meat rations


   Skills:
 - Level 1.7 Dodging
 - Level 1.7 Stealth
 - Level 4.0 Spellcasting
 - Level 7.0 Conjurations
 + Level 2.1 Charms
   Level 1.0 Summonings
 - Level 1.0 Translocations
 - Level 2.2 Fire Magic
 - Level 2.2 Air Magic
 - Level 2.0 Poison Magic


You had 3 spell levels left.
You knew the following spells:

 Your Spells              Type           Power        Failure   Level  Hunger
a - Magic Dart            Conj           ####         1%          1    None
b - Blink                 Tloc           N/A          10%         2    None
c - Mephitic Cloud        Conj/Pois/Air  ####....     6%          3    ##.....
d - Conjure Flame         Conj/Fire      ####....     4%          3    ##.....
e - Spectral Weapon       Hex/Chrm       ##......     19%         3    ##.....


Dungeon Overview and Level Annotations

Branches:
Dungeon (6/15)
 Temple: D:4-7

Altars:
Hepliaklqana
Okawaru

Shops:
D:4 [   D:5 :   D:6 =

Annotations:
D:6 Menkaure


Innate Abilities, Weirdness & Mutations

You have a pair of large horns on your head.
You are partially covered in thin metallic scales. (AC +2)
You sometimes gain a little power by taking damage.


Message History

Confirm with . or Enter, or press ? or * to list all spells.
Aiming: Magic Dart
Press: ? - help, Shift-Dir - straight line, f/p - sky beast
Aim: a sky beast (almost dead, confused, slightly transparent)
The magic dart hits the sky beast.
The sky beast is almost dead.
Casting: Magic Dart
Confirm with . or Enter, or press ? or * to list all spells.
You don't have enough magic to cast that spell.
Unknown command.
Attack whom?
Press: ? - help, Dir - move target cursor, f/p - sky beast
Aim: a sky beast (almost dead, confused, slightly transparent)
You reach to attack!
You hit the sky beast. You freeze the sky beast.
You kill the sky beast!
Your Charms skill increases to level 2!
You have reached level 8!
You feel agile.
Your demonic ancestry asserts itself...
Thin metallic scales grow over part of your body.
Are you sure you want to abandon this character and quit the game? (Confirm with "yes".)

#.######## #.##.....#
#######.##..#..#
#.....h....###.#
#.##.##.##..#..#
#.##.##.##.....#
#.##..†.##.#.###
#.......##...#
#†##@.......##
#........##†###### ####
#.##.....##......# ...#
#.####........##.# ##.#
####..............# #
##.#
#.....#####.##.#.....∩#
##.#######.###.#
#.##.##.#.###
...(...<(..# #.#
#.##...$..#
...######### #.#
#.##....###


There were no monsters in sight!

Vanquished Creatures
  A phantom (D:4)
  A sky beast (D:6)
  3 scorpions
  A howler monkey (D:4)
  A centaur zombie (D:6)
  2 crimson imps
  4 hounds
  An orc priest (D:4)
  3 orc wizards
  A bullfrog skeleton (D:5)
  Jessica (D:2)
  An iguana (D:5)
  4 worker ants
  A hound skeleton (D:5)
  7 adders
  A shadow imp (D:5)
  An ooze (D:2)
  3 worms
  3 dart slugs
  4 leopard geckos
  14 orcs
  3 bats
  2 giant cockroaches
  4 hobgoblins
  6 jackals
  A quokka (D:5)
  4 frilled lizards
  8 goblins
  A jackal skeleton (D:6)
  9 kobolds
  A quokka skeleton (D:4)
  8 rats
105 creatures vanquished.

Notes
Turn   | Place    | Note
-------+----------+-------------------------------------------
     0 | D:1      | Kaname the Demonspawn Wizard began the quest for the Orb.
     0 | D:1      | Reached XP level 1. HP: 13/13 MP: 4/4
   471 | D:1      | Reached skill level 2 in Conjurations
   501 | D:1      | Gained mutation: You have a pair of small horns on your head. [demonic ancestry]
   501 | D:1      | Reached XP level 2. HP: 10/19 MP: 0/6
   505 | D:1      | Learned a level 2 spell: Blink
  1060 | D:2      | Reached skill level 3 in Conjurations
  1219 | D:2      | Gained mutation: You have a pair of horns on your head. [demonic ancestry]
  1219 | D:2      | Reached XP level 3. HP: 24/24 MP: 4/7
  1232 | D:2      | Reached skill level 1 in Translocations
  1263 | D:2      | Learned a level 3 spell: Mephitic Cloud
  1559 | D:2      | Reached skill level 1 in Air Magic
  1804 | D:2      | Noticed Jessica
  1808 | D:2      | Killed Jessica
  1808 | D:2      | Gained mutation: You sometimes gain a little power by taking damage. [demonic ancestry]
  1808 | D:2      | Reached XP level 4. HP: 30/30 MP: 3/8
  1935 | D:3      | Found an iron altar of Okawaru.
  1996 | D:3      | Reached skill level 1 in Poison Magic
  2001 | D:3      | Learned a level 3 spell: Conjure Flame
  2143 | D:3      | Reached skill level 1 in Fire Magic
  2279 | D:3      | Reached skill level 4 in Conjurations
  2279 | D:3      | Reached XP level 5. HP: 28/35 MP: 5/9
  2664 | D:4      | Found Iluaj's Antique Armour Shoppe.
  2669 | D:4      | Bought a garnet-encrusted leather armour for 161 gold pieces
  2679 | D:4      | Identified the cursed +0 leather armour of the Crypt {rPois SInv} (You bought it in a shop on level 4 of the Dungeon)
  3149 | D:4      | Reached XP level 6. HP: 23/41 MP: 6/10
  3563 | D:5      | Entered Level 5 of the Dungeon
  3860 | D:4      | Found Iluaj's Antique Armour Shoppe.
  4782 | D:5      | Reached skill level 5 in Conjurations
  5016 | D:5      | Gained mutation: You have a pair of large horns on your head. [demonic ancestry]
  5016 | D:5      | Reached XP level 7. HP: 24/46 MP: 6/11
  5114 | D:5      | Reached skill level 6 in Conjurations
  5245 | D:5      | Found a hazy altar of Hepliaklqana.
  5320 | D:5      | Found Qaasemeq's Book Boutique.
  5532 | D:5      | Found the +9 sword of Zonguldrok {reap}
  5757 | D:6      | Learned a level 3 spell: Spectral Weapon
  6072 | D:6      | Reached skill level 7 in Conjurations
  6555 | D:6      | Noticed Menkaure
  6738 | D:6      | Found Efeo's Jewellery Shop.
  6747 | D:6      | Reached skill level 1 in Charms
  6780 | D:6      | Gained mutation: You are partially covered in thin metallic scales. (AC +2) [demonic ancestry]
  6780 | D:6      | Reached XP level 8. HP: 39/52 MP: 0/14
  6781 | D:6      | Quit the game

Vault maps used:
D:1:      sevenhm_arrival_forest_fort_small_5
D:2:      wad_pebble_path, serial_bayou_pond_a, uniq_jessica
D:3:      minmay_wonky_spiral, first_bread, okawaru_trees_1
D:4:      serial_shops, shop_coins, hangedman_decor_clover_reticule
D:5:      lemuel_coloured_pillars_altar, serial_shops, kennysheep_mini_moat,
          serial_park_tiny_2
D:6:      serial_shops, shop, uniq_menkaure

Skill      XL: |  1  2  3  4  5  6  7 |
---------------+----------------------+-----
Conjurations   | 2 3 4 5 7 |  7.0
Translocations | 1 |  1.0
Air Magic      | 1 2 |  2.2
Poison Magic   | 1 2 |  2.0
Fire Magic     | 1 2 |  2.2
Spellcasting   | 4 |  4.0
Charms         | 2 |  2.1
Dodging        | |  1.7
Stealth        | |  1.7
Summonings     | |  1.0

Action                   |  1- 3 |  4- 6 |  7- 9 || total
-------------------------+-------+-------+-------++-------
Melee: Unarmed           |    47 |       |       ||    47
       Headbutt          |     1 |     6 |     7 ||    14
       Spear             |    15 |     4 |       ||    19
       Morningstar       |       |    30 |     4 ||    34
       Trident           |       |    41 |    76 ||   117
       Double sword      |       |       |     3 ||     3
 Cast: Magic Dart        |    85 |    93 |    80 ||   258
       Conjure Flame     |       |     4 |     2 ||     6
       Mephitic Cloud    |       |     3 |     3 ||     6
       Blink             |       |     3 |     3 ||     6
  Use: Scroll            |     3 |    11 |     2 ||    16
       Potion            |       |       |     2 ||     2
 Stab: Sleeping          |       |     2 |       ||     2
       Confused          |       |       |     1 ||     1
  Eat: Chunk             |     3 |     8 |     4 ||    15
       Fruit             |       |     1 |       ||     1
       Bread ration      |       |       |     1 ||     1
Armor: Robe              |     9 |     3 |       ||    12
       Leather armour    |       |    13 |    12 ||    25
Dodge: Dodged            |    42 |    51 |    64 ||   157
       Rpst.: Double sword |       |       |     1 ||     1

Table legend:
 A = Spawn XP
 B = Non-spawn XP
 C = Spawn XP percentage of total XP
 D = Spawn monster count
 E = Non-spawn monster count
 F = Spawn count percentage of total count
 G = Total turns spent on level
                    A         B        C        D         E        F      G
               +---------+---------+-------+---------+---------+-------+---------
         Total |       0 |    1512 |   0.0 |       0 |     105 |   0.0 |  6781
               +---------+---------+-------+---------+---------+-------+---------
           D:1 |       0 |      31 |   0.0 |       0 |      17 |   0.0 |  1043
           D:2 |       0 |      80 |   0.0 |       0 |      15 |   0.0 |   882
           D:3 |       0 |     131 |   0.0 |       0 |      26 |   0.0 |   610
           D:4 |       0 |     315 |   0.0 |       0 |       9 |   0.0 |  2067
           D:5 |       0 |     478 |   0.0 |       0 |      24 |   0.0 |  1421
           D:6 |       0 |     477 |   0.0 |       0 |      14 |   0.0 |   758
               +---------+---------+-------+---------+---------+-------+---------
